 Dungeon Crawl Stone Soup version 0.26-a0-1020-ge47f559bc5 (webtiles) character file.

Game seed: 13378028611001986223

41 Ijustatesigmund the Chopper (level 3, 0/26 HPs)
             Began as an Octopode Fighter on Dec 8, 2020.
             Slain by Robin
             ... wielding a +0 trident
              (4 damage)
             ... on level 2 of the Dungeon.
             The game lasted 00:02:12 (1193 turns).

Ijustatesigmund the Chopper (Octopode Fighter)      Turns: 1193, Time: 00:02:12

Health: 0/26       AC:  1    Str: 15    XL:     3   Next: 52%
Magic:  3/3        EV: 13    Int: 10    God:
Gold:   37         SH: 14    Dex: 12    Spells: 2/2 levels left

rFire    . . .     SeeInvis .   a - +0 war axe
rCold    . . .     Faith    .   b - +2 tower shield
rNeg     . . .     Spirit   .   (helmet restricted)
rPois    .         Reflect  .   (no amulet)
rElec    .         Harm     .   f - ring of willpower
rCorr    .         Rampage  .   j - +4 ring of evasion
Will     +....                  (no ring)
Stlth    ++........             (no ring)
HPRegen  0.08/turn              (no ring)
MPRegen  0.08/turn              (no ring)
                                (no ring)
                                (no ring)

@: mighty
A: almost no armour, stealthy swim, amphibious, 8 rings, constrict 8, camouflage
1, blink, mutation resistance 1, gelatinous body 1
a: Blink


You were on level 2 of the Dungeon.
You visited 1 branch of the dungeon, and saw 2 of its levels.

You collected 37 gold pieces.

Inventory:

Hand Weapons
 a - a +0 war axe (weapon)
Armour
 b - a +2 tower shield (worn)
Jewellery
 f - a ring of willpower (left tentacle)
 j - a +4 ring of evasion (right tentacle)
Potions
 e - 3 potions of magic
 i - a potion of degeneration {unknown}


   Skills:
 - Level 3.0 Fighting
 + Level 3.8 Axes
 - Level 3.0 Dodging
 - Level 3.0 Shields


You had 2 spell levels left.
You didn't know any spells.
Your spell library was empty.

Dungeon Overview and Level Annotations

Branches:
Dungeon (2/15)

Altars:

Annotations:
D:2 Robin


Innate Abilities, Weirdness & Mutations

You cannot wear most types of armour.
You are very stealthy in the water. (Stealth+)
You are amphibious.
You can wear up to eight rings at the same time.
You can use your tentacles to constrict eight enemies at once.
Your skin changes colour to match your surroundings (Stealth+).
Your rubbery body absorbs attacks. (AC +1, EV +1)
You can translocate small distances at will.
You are somewhat resistant to further mutation.


Message History

You feel very mighty all of a sudden. You block the goblin's attack.
The goblin barely misses you. x2
Robin closely misses you.
You slash the goblin!
You kill the goblin!
Your shield prevents you from hitting the goblin.
You completely miss the goblin. The goblin misses you.
You block the goblin's attack. Robin throws the goblin at you!
The goblin hits you but does no damage.
You closely miss the goblin. Your grab misses the goblin.
Your shield prevents you from hitting the goblin.
You slash the goblin!
You kill the goblin!
You block the goblin's attack. x2; Robin misses you.
The goblin closely misses you. The goblin hits you with a +0 club!
* * * LOW HITPOINT WARNING * * *
It was a potion of mutation.
You feel extremely strange.
You feel jittery.
You feel genetically stable.
Robin hits you from afar with a +0 trident.
You die...

# # ### ####### #.. ##
#.....# #.# ..)
######.....# ##'# ....
#...##.....# #... .....
#..).#.....# ###...
......#.@).#.....###.....
.....ggg.g.+.......'.(...
......g#...#####..##.....
.......##)#######.#......
....... #(#.....#.#......
....... #.#.#.#.#.#......
.....g. #...#.#...#...#..
.....gg #####.#####......
###$g.. #.# #...)..


You could see Robin and 4 goblins.

Vanquished Creatures
  An adder (D:2)
  2 dart slugs
  A leopard gecko (D:1)
  2 giant cockroaches (D:2)
  6 hobgoblins
  2 bats (D:1)
  4 frilled lizards
  5 goblins
  2 kobolds
  2 rats
27 creatures vanquished.

Notes
Turn   | Place    | Note
-------+----------+-------------------------------------------
     0 | D:1      | Ijustatesigmund the Octopode Fighter began the quest for
                  | the Orb.
     0 | D:1      | Reached XP level 1. HP: 16/16 MP: 1/1
   176 | D:1      | Reached XP level 2. HP: 21/21 MP: 2/2
  1048 | D:2      | Reached XP level 3. HP: 21/26 MP: 3/3
  1136 | D:2      | Noticed Robin
  1193 | D:2      | Gained mutation: You can translocate small distances at
                  | will. [potion of mutation]
  1193 | D:2      | Gained mutation: You are somewhat resistant to further
                  | mutation. [potion of mutation]
  1193 | D:2      | Slain by Robin

Illustrated notes

Levels and vault maps discovered:
D:1:      roderic_dead_forest, layout_basic, minmay_tromino_i2
D:2:      layout_basic, minmay_misc_feat_ornament, minmay_liquid_box,
          chequers_serial_rivers_micro_e, kennysheep_another_room,
          okawaru_ov_weapons_minmay, uniq_robin

Skill      XL: |  1  2 |
---------------+-------+-----
Axes           | 3 |  3.8
Fighting       | |  3.0
Dodging        | |  3.0
Shields        | |  3.0

Action                   || total
-------------------------++-------
Melee: War axe           ||    47
       Constrict         ||     7
       Tentacles         ||     4
  Use: Scroll            ||     2
       Potion            ||     2
 Stab: Sleeping          ||     4
Armor: Skin              ||     1
Dodge: Dodged            ||    19
Block: Kite shield       ||     2
       Tower shield      ||    29

Table legend: (Time is in decaauts)
 A = Elapsed time spent in this place.
 B = Non-inter-level travel time spent in this place.
 C = Inter-level travel time spent in this place.
 D = Time resting spent in this place.
 E = Time spent auto-exploring this place.
 F = Levels seen in this place.
 G = Mean time per level.
                   A        B        C        D        E       F      G
               +--------+--------+--------+--------+--------+-----+--------+
         Total |   1214 |   1205 |      9 |     32 |    990 |   2 |  607.0 |
       Dungeon |   1214 |   1205 |      9 |     32 |    990 |   2 |  607.0 |
               +--------+--------+--------+--------+--------+-----+--------+

Top non-repeatable levels by time:
     D:1: 753 daAuts
     D:2: 461 daAuts
